 Dungeon Crawl Stone Soup version 0.17-a0-1399-gd5b76e1 (webtiles) character file.

1916 Kisielow the Grappler (level 8, -1/81 HPs)
             Began as a Troll Chaos Knight on June 18, 2015.
             Slain by a sixfirhy (10 damage)
             ... summoned by Xom
             ... on level 7 of the Dungeon.
             The game lasted 00:12:41 (4435 turns).

Kisielow the Grappler (Troll Chaos Knight)          Turns: 4435, Time: 00:12:41

Health: -1/81      AC: 12    Str: 22    XL:     8   Next: 95%
Magic:  7/7        EV: 11    Int: 10    God:    Xom [......]
Gold:   320        SH:  0    Dex: 10    Spells: 0 memorised, 7 levels left

rFire  . . .     SeeInvis +       - Unarmed
rCold  . . .     Clarity  .     a - +2 robe
rNeg   . . .     SustAt   .     (no shield)
rPois  +         Gourm    +     E - +2 hat
rElec  .         Spirit   .     i - +1 cloak
rCorr  .         Warding  .     (gloves unavailable)
rMut   .         Stasis   .     (boots unavailable)
MR     .....                    (no amulet)
Stlth  +.........               C - ring of poison resistance
                                c - ring of see invisible

@: not resistant to hostile enchantments, very unstealthy
A: unfitting armour, claws 3, thin metallic scales 1, clever 1, deformed body,
fast metabolism 3, gourmand, regeneration 2, shaggy fur 1, tough skin 2
a: Renounce Religion


You were on level 7 of the Dungeon.
You worshipped Xom.
You were a very special plaything of Xom.
You were not hungry.

You visited 2 branches of the dungeon, and saw 8 of its levels.
You also visited: Sewer.

You collected 320 gold pieces.

Inventory:

Hand weapons
 s - a +4 war axe of chopping
Armour
 a - a +2 robe (worn)
 i - a +1 cloak (worn)
 E - a +2 hat (worn)
Jewellery
 c - a ring of see invisible (left claw)
 C - a ring of poison resistance (right claw)
 D - an uncursed ring of invisibility
Magical devices
 m - a wand of cold (3)
 n - a wand of frost (47)
 F - a wand of disintegration (12)
Scrolls
 g - 2 scrolls of remove curse
 k - 2 scrolls of blinking
 o - 2 scrolls of recharging
 q - 2 scrolls of teleportation
 t - 4 scrolls of enchant armour
 w - a scroll of fear
 y - a scroll of magic mapping
 B - 2 scrolls of enchant weapon
Potions
 e - a potion of mutation {unknown}
 f - a potion of curing
 h - 2 potions of might {unknown}
 j - 4 potions of heal wounds
 p - 2 potions of magic {unknown}
 u - a potion of agility
 x - a potion of ambrosia {unknown}
Miscellaneous
 A - a sack of spiders {used: 1}
Comestibles
 b - 4 bread rations
 d - 4 beef jerkies
 l - 2 meat rations
 r - 3 fruits
 v - 7 chunks of flesh
 z - a royal jelly


   Skills:
 + Level 5.5 Fighting
 + Level 5.2 Dodging
 - Level 8.6 Unarmed Combat


You had 7 spell levels left.
You didn't know any spells.

Dungeon Overview and Level Annotations

Branches:
Dungeon (7/15)             Temple (1/1) D:6

Altars:
Ashenzari
Cheibriados
Dithmenos
Elyvilon
Fedhas
Gozag
Kikubaaqudgha
Makhleb
Nemelex Xobeh
Okawaru
Qazlal
Sif Muna
Trog
Vehumet
Xom
Yredelemnul
Zin
The Shining One


Innate Abilities, Weirdness & Mutations

You are too large for most types of armour.
You have claws for hands.
Your metabolism is lightning-fast.
You like to eat raw meat.
You heal very quickly.
You are covered in fur (AC +1).
You have very tough skin (AC +2).
You are partially covered in thin metallic scales (AC +2).
Your mind is acute. (Int +2)
Armour fits poorly on your strangely shaped body.


Message History

An orc comes into view. It is wielding a dagger.
Things that are here:
a chunk of flesh; 2 chunks of flesh Unknown command. "Time to have some fun!"
You barely miss the sixfirhy. You closely miss the sixfirhy.
The sixfirhy hits you. The sixfirhy shocks you! The sixfirhy hits you.
The sixfirhy shocks you!
You closely miss the sixfirhy. The sixfirhy barely misses you.
The sixfirhy barely misses you. The sixfirhy hits you. The sixfirhy shocks you!
The shadow imp summons a swarm of flies.
The shadow imp hits you. The orc hits you with a dagger! The iron imp hits you.
The sixfirhy hits you!
* * * LOW HITPOINT WARNING * * *
The sixfirhy shocks you!
* * * LOW HITPOINT WARNING * * *
You claw the shadow imp!
You kill the shadow imp!
The sixfirhy barely misses you. The sixfirhy hits you!
You die...

#### .### ..# ...
#.###.## #.#.<..#
#####+#......#
.......รท.....#
.......%.....#
........5.4######
........5@.......
#........o..#####
#........!..#
####........#
#.......#.#
#.#####.#.# #.
..#.# ###..


You could see a sixfirhy, 2 iron imps and an orc.

Vanquished Creatures
  Duvessa (D:6)
  2 ogres
  3 sky beasts
  An ice beast (D:5)
  2 centaurs
  4 giant frogs
  3 big kobolds (Sewer)
  Dowan (D:6)
  2 scorpions (D:5)
  2 hounds (D:6)
  A giant frog zombie (D:3)
  An orc wizard (D:5)
  2 worker ants (D:4)
  10 gnolls
  10 adders
  A shadow imp (D:5)
  3 oozes (Sewer)
  7 worms
  2 adder skeletons
  3 giant geckos
  15 orcs
  4 ball pythons
  12 bats
  A bat zombie (D:5)
  A giant cockroach (D:3)
  15 goblins
  12 hobgoblins
  7 jackals
  3 quokkas
  2 giant gecko zombies
  4 giant newts
  2 jackal skeletons
  14 kobolds
  A quokka skeleton (D:4)
  19 rats
173 creatures vanquished.

Vanquished Creatures (others)
  A jackal (D:7)
  2 rats (D:5)
3 creatures vanquished.

Grand Total: 176 creatures vanquished

Notes
Turn   | Place    | Note
--------------------------------------------------------------
     0 | D:1      | Kisielow the Troll Chaos Knight began the quest for the Orb.
     0 | D:1      | Reached XP level 1. HP: 22/22 MP: 0/0
    94 | D:1      | XOM: silly message
   178 | D:1      | XOM: harmless Summ miscast
   182 | D:1      | Reached XP level 2. HP: 27/29 MP: 1/1
   434 | D:1      | XOM: harmless Pois miscast
   523 | D:1      | XOM: harmless Pois miscast
   563 | D:2      | Reached skill level 4 in Unarmed Combat
   654 | D:2      | XOM: divination: detect items
   742 | D:2      | Reached XP level 3. HP: 34/36 MP: 2/2
  1037 | D:3      | You fall through a shaft!
  1061 | D:6      | Noticed a sky beast
  1066 | D:6      | Killed a sky beast
  1066 | D:6      | Reached skill level 5 in Unarmed Combat
  1066 | D:6      | Reached XP level 4. HP: 35/44 MP: 3/3
  1066 | D:6      | Reached XP level 5. HP: 39/50 MP: 4/4
  1137 | D:6      | XOM: colour smoke trail
  1151 | D:5      | Entered Level 5 of the Dungeon
  1198 | D:5      | Reached skill level 6 in Unarmed Combat
  1359 | D:4      | Got a distressingly furry ring mail
  1380 | D:4      | Identified the cursed +0 ring mail "Zoziegh" {Str+3} (You found it on level 4 of the Dungeon)
  1431 | D:4      | Found a glowing drain.
  1437 | Sewer    | XOM: stealth player
  1437 | Sewer    | Entered a sewer
  1552 | Sewer    | Reached skill level 7 in Unarmed Combat
  1552 | Sewer    | Reached XP level 6. HP: 53/59 MP: 5/5
  1901 | Sewer    | XOM: cast spell 'Spider Form'
  1989 | D:4      | XOM: 5-stop teleportation journey
  2032 | D:4      | Noticed a centaur
  2037 | D:4      | Killed a centaur
  2037 | D:4      | Reached skill level 8 in Unarmed Combat
  2037 | D:4      | Reached XP level 7. HP: 59/66 MP: 6/6
  2061 | D:4      | XOM: god gift: runed war axe {god gift}
  2314 | D:4      | XOM: harmless Divn miscast
  2761 | D:3      | XOM: god gift: sack of spiders
  3062 | D:5      | Noticed an ogre
  3080 | D:5      | XOM: confusion
  3081 | D:5      | Xom revived you
  3088 | D:5      | Killed an ogre
  3204 | D:5      | XOM: mild Ice miscast
  3212 | D:5      | XOM: noise
  3283 | D:5      | XOM: mild Air miscast
  3545 | D:5      | XOM: mild Hex miscast
  3546 | D:5      | Reached XP level 8. HP: 76/78 MP: 7/7
  3564 | D:5      | Noticed an ice beast
  3569 | D:5      | Killed an ice beast
  3592 | D:5      | Noticed a moth of wrath
  3595 | D:5      | Found a bloodstained altar of Trog.
  3596 | D:5      | Noticed a sky beast
  3604 | D:5      | XOM: destruction
  3610 | D:5      | Killed a sky beast
  3616 | D:5      | XOM: mild Chrm miscast
  3623 | D:5      | Gained mutation: You are partially covered in thin metallic scales (AC +2). [mutagenic meat]
  3624 | D:5      | Gained mutation: Your mind is acute. (Int +2) [mutagenic meat]
  3625 | D:5      | Gained mutation: Armour fits poorly on your strangely shaped body. [mutagenic meat]
  3632 | D:5      | XOM: potion effect (might)
  3634 | D:5      | XOM: cast spell 'Metabolic Englaciation'
  3711 | D:5      | XOM: enchant monster (bad)
  3935 | D:6      | Noticed an ogre
  3940 | D:6      | Killed an ogre
  4059 | D:6      | XOM: god gift: scroll labeled CAXKUSKI HAOST
  4083 | D:6      | Noticed Duvessa
  4083 | D:6      | Noticed Dowan
  4084 | D:6      | Noticed a giant frog
  4088 | D:6      | Killed Duvessa
  4088 | D:6      | Reached skill level 5 in Fighting
  4091 | D:6      | Killed a giant frog
  4099 | D:6      | XOM: potion effect (curing)
  4107 | D:6      | Killed Dowan
  4189 | D:6      | Noticed a centaur
  4193 | D:6      | Killed a centaur
  4193 | D:6      | Reached skill level 5 in Dodging
  4222 | D:6      | Found a staircase to the Ecumenical Temple.
  4238 | Temple   | Entered the Ecumenical Temple
  4410 | D:7      | XOM: destruction
  4416 | D:7      | XOM: polymorph jackal -> adder
  4422 | D:7      | XOM: enchant monster (good)
  4431 | D:7      | XOM: summons 4 hostile demons
  4432 | D:7      | Noticed a sixfirhy
  4435 | D:7      | Slain by a sixfirhy

Vault maps used:
D:1:      roderic_crossed_star, serial_park_tiny_1, minmay_misc_feat_five
D:3:      first_bread
D:4:      portal_sewer_entry_e
D:5:      tgw_trog
D:6:      minmay_temple_entry_statues_pillars, grunt_ministairs_11, uniq_duvessa
D:7:      nicolae_ru_awakened_eye, hangedman_decor_slide_cut
Temple:   kilobyte_greek_temple_18
Sewer:    sewer_co_tree

Action                   |  1- 3 |  4- 6 |  7- 9 || total
-------------------------+-------+-------+-------++-------
Melee: Unarmed           |   103 |   146 |   205 ||   454
Evoke: Wand              |       |       |     1 ||     1
       Sack of spiders   |       |       |     1 ||     1
  Use: Potion            |     3 |       |     1 ||     4
       Scroll            |       |     8 |     4 ||    12
 Stab: Sleeping          |       |     2 |     1 ||     3
  Eat: Chunk             |    14 |     9 |    24 ||    47
